 Dungeon Crawl Stone Soup version 0.21-a0-283-g622b906 (webtiles) character file.

14 motkurip the Stinger (level 2, -2/19 HPs)
             Began as a Barachi Venom Mage on Sept 24, 2017.
             Slain by a hobgoblin
             ... wielding a +0 club
              (8 damage)
             ... on level 1 of the Dungeon.
             The game lasted 00:01:46 (245 turns).

motkurip the Stinger (Barachi Venom Mage)            Turns: 245, Time: 00:01:47

Health: -2/19      AC:  2    Str:  9    XL:     2   Next: 41%
Magic:  0/5        EV: 12    Int: 15    God:
Gold:   4          SH:  0    Dex: 12    Spells: 2/5 levels left

rFire    . . .     SeeInvis .   e - +0 dagger
rCold    . . .     Gourm    .   (no shield)
rNeg     . . .     Faith    .   a - +0 robe
rPois    .         Spirit   .   (no helmet)
rElec    .         Reflect  .   (no cloak)
rCorr    .         Harm     .   (no gloves)
MR       .....                  (no boots)
Stlth    ++........             (no amulet)
HPRegen  0.06/turn              (no ring)
MPRegen  0.09/turn              (no ring)

@: slow
A: +LOS, swims, slowness 1, strong legs 1
a: Hop


You were on level 1 of the Dungeon.
You were not hungry.

You visited 1 branch of the dungeon, and saw 1 of its levels.

You collected 4 gold pieces.

Inventory:

Hand Weapons
 e - a +0 dagger (weapon)
Armour
 a - a +0 robe (worn)
Scrolls
 f - a scroll of identify {unknown}
Potions
 d - a potion of agility {unknown}
Books
 b - a Young Poisoner's Handbook

   Spells                             Type                      Level
   a - Sting                          Conjuration/Poison           1
   b - Poisonous Vapours              Poison/Air                   2
   c - Mephitic Cloud                 Conjuration/Poison/Air       3
   d - Olgreb's Toxic Radiance        Poison                       4
   e - Venom Bolt                     Conjuration/Poison           5
Comestibles
 c - a bread ration


   Skills:
 - Level 2.1 Dodging
 - Level 1.7 Stealth
 - Level 2.1 Spellcasting
 - Level 1.1 Conjurations
 + Level 0.2 Air Magic
 + Level 4.1 Poison Magic


You had 2 spell levels left.
You knew the following spells:

 Your Spells              Type           Power        Failure   Level  Hunger
a - Sting                 Conj/Pois      #...         8%          1    #......
f - Poisonous Vapours     Pois/Air       #.....       14%         2    ###....


Dungeon Overview and Level Annotations

Branches:
Dungeon (1/15)

Altars:


Innate Abilities, Weirdness & Mutations

Shadows flee at your approach. (+LOS)
You can swim through water.
You cover ground slowly.
You can hop short distances.


Message History

The hobgoblin barely misses you.
Casting: Poisonous Vapours
Confirm with . or Enter, or press ? or * to list all spells.
Aiming: Poisonous Vapours
Press: ? - help, Dir - move target cursor, f/p - hobgoblin
Aim: a hobgoblin, wielding a club (moderately wounded) Poisonous vapours surround the hobgoblin!
The hobgoblin is engulfed in poison gas.
The hobgoblin is poisoned.
The hobgoblin hits you with a club.
You hit the hobgoblin but do no damage.
The hobgoblin is moderately wounded.
The hobgoblin hits you with a club.
* * * LOW HITPOINT WARNING * * *
You barely miss the hobgoblin.
The hobgoblin is severely wounded.
The hobgoblin closely misses you.
You hit the hobgoblin but do no damage.
The hobgoblin is severely wounded.
The hobgoblin hits you with a club!
You die...

########.#
######.####
#.........#
#.####.##.# ## #.#
#.# .##.#
#####.####.##.#.#
#...........#..###.
.###.#.......#...#
#@#.#..........
#g#.##..#.#...
#†........# .##
######.#### # #'#
... ..... .......
.........


You could see a hobgoblin.

Vanquished Creatures
  A dart slug (D:1)
  3 goblins (D:1)
  A jackal (D:1)
  A kobold (D:1)
  2 bats (D:1)
  4 frilled lizards (D:1)
12 creatures vanquished.

Notes
Turn   | Place    | Note
-------+----------+-------------------------------------------
     0 | D:1      | motkurip the Barachi Venom Mage began the quest for the Orb.
     0 | D:1      | Reached XP level 1. HP: 13/13 MP: 3/3
   138 | D:1      | Reached XP level 2. HP: 19/19 MP: 0/5
   145 | D:1      | Learned a level 2 spell: Poisonous Vapours
   181 | D:1      | Reached skill level 4 in Poison Magic
   245 | D:1      | Slain by a hobgoblin

Vault maps used:
D:1:      dpeg_arrival_windows_large_door, minmay_stone_trees_small,
          st_stairs_11

Skill      XL: |  1  2 |
---------------+-------+-----
Poison Magic   | 4 |  4.1
Dodging        | |  2.1
Stealth        | |  1.7
Spellcasting   | |  2.1
Conjurations   | |  1.1
Air Magic      | |  0.2

Action                   || total
-------------------------++-------
Melee: Unarmed           ||     5
       Dagger            ||    23
 Cast: Sting             ||     8
       Poisonous Vapours ||     5
Armor: Robe              ||     7
Dodge: Dodged            ||    30

Table legend:
 A = Spawn XP
 B = Non-spawn XP
 C = Spawn XP percentage of total XP
 D = Spawn monster count
 E = Non-spawn monster count
 F = Spawn count percentage of total count
 G = Total turns spent on level
                    A         B        C        D         E        F      G
               +---------+---------+-------+---------+---------+-------+---------
         Total |       0 |      20 |   0.0 |       0 |      12 |   0.0 |   245
               +---------+---------+-------+---------+---------+-------+---------
           D:1 |       0 |      20 |   0.0 |       0 |      12 |   0.0 |   245
               +---------+---------+-------+---------+---------+-------+---------
